 Dungeon Crawl Stone Soup version 0.30-a0-121-gb27577e5d9 (webtiles) character file.

Game seed: 11318489628721426158

135 ragingrage the Poker (level 4, -24/35 HPs)
             Began as a Demonspawn Chaos Knight on Sept 14, 2022.
             Was a Plaything of Xom.
             Annihilated by a bunyip (glowing shapeshifter) (29 damage)
             ... on level 3 of the Dungeon.
             The game lasted 00:02:11 (2693 turns).

ragingrage the Poker (Demonspawn Chaos Knight)      Turns: 2693, Time: 00:02:11

Health: -24/35     AC:  7    Str: 14      XL:     4   Next: 96%
Magic:  4/4        EV: 11    Int: 12 (13) God:    Xom [*.....]
Gold:   207        SH:  0    Dex: 16 (17) Spells: 2/3 levels left

rFire   . . .      SeeInvis .    a - +0 spear (chaos)
rCold   . . .      Faith    .    (no shield)
rNeg    . . .      Spirit   .    b - +2 leather armour
rPois   .          Reflect  .    (no helmet)
rElec   .          Harm     .    e - +0 cloak
rCorr   .          Rampage  .    r - +0 pair of gloves
Will    .....                    (no boots)
Stlth   +.........               (no amulet)
HPRegen 0.11/turn                j - +6 ring of dexterity
MPRegen 0.09/turn                (no ring)

@: no status effects
A: hooves 1, powered by pain 2, clumsy 1, deterioration 1
a: Renounce Religion


You were on level 3 of the Dungeon.
You worshipped Xom.
You were a special plaything of Xom.
You visited 1 branch of the dungeon, and saw 3 of its levels.

You collected 207 gold pieces.

Inventory:

Hand Weapons
 a - a +0 spear of chaos (weapon)
Missiles
 q - 2 poisoned darts
Armour
 b - a +2 leather armour (worn)
 e - a +0 cloak (worn)
 r - a +0 pair of gloves (worn)
Jewellery
 j - a +6 ring of dexterity (left hand)
Scrolls
 f - 2 scrolls of identify {unknown}
 i - a scroll of fear {unknown}
 l - a scroll of blinking {unknown}
 m - a scroll of teleportation {unknown}
 o - a scroll of brand weapon {unknown}
 s - a scroll of poison {unknown}
Potions
 d - a potion of heal wounds {unknown}
 g - a potion of mutation {unknown}
 h - a potion of haste {unknown}
 k - a potion of brilliance {unknown}
 n - a potion of lignification {unknown}
 p - a potion of magic {unknown}
Miscellaneous
 c - a piece from Xom's chessboard (15/15)


   Skills:
 - Level 3.0 Fighting
 + Level 5.2 Polearms
 - Level 1.7 Armour
 - Level 0.8 Dodging


You had 2 spell levels left.
You knew the following spells:

 Your Spells              Type           Power      Damage    Failure   Level
a - Magic Dart            Conj           0%         1d3       38%         1

Your spell library contained the following spells:

 Spells                   Type           Power      Damage    Failure   Level
 Slow                     Hex            0%         N/A       38%         1
 Searing Ray              Conj           0%         2d4       52%         2
 Confusing Touch          Hex            0%         N/A       77%         3
 Vampiric Draining        Necr           0%         2d6       77%         3
 Fulminant Prism          Conj/Hex       0%         3d6       99%         4
 Alistair's Intoxication  Tmut/Pois      0%         N/A       100%        5
 Borgnjor's Vile Clutch   Necr/Erth      0%         N/A       100%        5
 Eringya's Noxious Bog    Tmut/Pois      0%         N/A       100%        6


Dungeon Overview and Level Annotations

Branches:
Dungeon (3/15)

Altars:

Annotations:
D:3 2 runed translucent doors, Newt's ghost, amateur DsGl


Innate Abilities, Weirdness & Mutations

You have large cloven feet.
You sometimes gain power by taking damage.
You are clumsy. (Dex -2)
Your body sometimes deteriorates upon taking damage.


Message History

The orc closely misses you.
You hit the orc. You drain the orc.
You kill the orc!
You miss something.
You swing at nothing.
Something hits you but does no damage.
You miss something. You kick something. Something hits you but does no damage.
You hit something. You freeze something.
You hear some strange, mumbled words.
A magic dart appears from out of thin air!
The magic dart hits you.
You barely miss something. You kick something.
You hear some strange, mumbled words.
A magic dart appears from out of thin air!
The magic dart hits you!
Your body deteriorates!
You feel clumsy.
You hit something but do no damage.
A glowing shapeshifter appears out of thin air!
Reactivating autopickup.
Xom roars with laughter!
The glowing shapeshifter changes into an anaconda!
You hit the anaconda. You burn the anaconda. You kick the anaconda.
The anaconda is lightly wounded.
The anaconda grabs you.
The anaconda bites you but does no damage.
The anaconda constricts you.
* * * LOW HITPOINT WARNING * * *
You hit the anaconda. You burn the anaconda. You kick the anaconda.
The anaconda is lightly wounded.
The bunyip loses its grip on you.
The anaconda changes into a bunyip!
Okay, then.
Things that are here:
a +0 dagger; an orc corpse
Found a robe.
Newt's ghost turns its malevolent gaze towards you.
The bunyip claws you.
* * * LOW HITPOINT WARNING * * *
The bunyip claws you!!
Ouch! That really hurt!
You die...
Xom laughs nastily!

###............ ...
............# #
#####...####.
......#........# #
#....)..##.
......#........#
#.#...#.##.##... ... .
#.#...#.##..<..#.#.#.#
###.##........#..#.#.#.#
#.......#.##...........#
#.#.#......# #.# #.#
#........# #@# ###
##....##.###x####~.
#..#....).)...#..#
#..#.##.###...#~8W≈
.........# #...+...[
.........)# #...+.#..
...#####.## #...#~..≈ ..
....#≈.~# .[. ....#.##.


You could see a bunyip shaped shifter.

Vanquished Creatures
  3 gnolls (D:3)
  3 adders
  3 worms (D:2)
  A dart slug (D:3)
  6 orcs (D:3)
  3 endoplasms
  3 giant cockroaches
  3 goblins
  4 hobgoblins
  6 jackals
  7 kobolds
  A quokka (D:1)
  5 ball pythons
  5 bats
  4 frilled lizards (D:1)
  5 rats
62 creatures vanquished.

Vanquished Creatures (others)
  3 plants (D:3)
  4 toadstools (D:1)
7 creatures vanquished.

Grand Total: 69 creatures vanquished

Notes
Turn   | Place    | Note
-------+----------+-------------------------------------------
     0 | D:1      | ragingrage the Demonspawn Chaos Knight began the quest for
                  | the Orb.
     0 | D:1      | Reached XP level 1. HP: 18/18 MP: 1/1
    52 | D:1      | XOM: silly message
   160 | D:1      | Reached skill level 3 in Polearms
   204 | D:1      | Gained mutation: You have large cloven feet. [demonic
                  | ancestry]
   204 | D:1      | Reached XP level 2. HP: 15/24 MP: 2/2
   268 | D:1      | XOM: polymorph goblin -> giant cockroach
   313 | D:1      | XOM: 3-stop teleportation journey
   576 | D:1      | Found a faded altar of an unknown god.
   693 | D:1      | XOM: god gift: opal ring {god gift}
   738 | D:2      | Learned a level 1 spell: Magic Dart
   752 | D:2      | Gained mutation: You sometimes gain a little power by
                  | taking damage. [demonic ancestry]
   752 | D:2      | Reached XP level 3. HP: 29/29 MP: 0/3
   844 | D:2      | XOM: give mutation
   844 | D:2      | Gained mutation: You are clumsy. (Dex -2) [Xom's mischief]
   881 | D:2      | XOM: give mutations
   881 | D:2      | Gained mutation: You occasionally lose the ability to read
                  | scrolls when taking damage. [Xom's mischief]
   881 | D:2      | Gained mutation: Your body sometimes deteriorates upon
                  | taking damage. [Xom's mischief]
   881 | D:2      | Lost mutation: You occasionally lose the ability to read
                  | scrolls when taking damage. [Xom's mischief]
   894 | D:2      | Reached skill level 4 in Polearms
  1137 | D:2      | XOM: summons 2 hostile shadow creatures
  1743 | D:2      | Gained mutation: You sometimes gain power by taking damage.
                  | [demonic ancestry]
  1743 | D:2      | Reached XP level 4. HP: 10/35 MP: 4/4
  2151 | D:3      | XOM: silly message
  2260 | D:3      | XOM: 5-stop teleportation journey
  2371 | D:3      | Reached skill level 5 in Polearms
  2660 | D:3      | Found a large runed translucent door.
  2676 | D:3      | Found a large runed translucent door.
  2688 | D:3      | Noticed a glowing shapeshifter
  2688 | D:3      | Noticed an anaconda
  2688 | D:3      | a glowing shapeshifter changed into an anaconda
  2690 | D:3      | Noticed a bunyip
  2690 | D:3      | an anaconda changed into a bunyip
  2692 | D:3      | Noticed Newt's ghost (amateur DsGl)
  2693 | D:3      | Annihilated by a bunyip (glowing shapeshifter)

Illustrated notes

Levels and vault maps discovered:
D:1:      ldierk_water_garden, layout_rooms, basic_ecumenical_altar
D:2:      layout_basic, kennysheep_decorative_pillar
D:3:      layout_loops_cross, ebering_ghost_disaster_area, chequers_big_river,
          uniq_grinder

Skill      XL: |  1  2  3  4 |
---------------+-------------+-----
Polearms       | 3 4 5 |  5.2
Fighting       | |  3.0
Armour         | |  1.7
Dodging        | |  0.8

Action                   |  1- 3 |  4- 6 || total
-------------------------+-------+-------++-------
Melee: Spear             |   121 |    75 ||   196
       Kick              |    23 |    13 ||    36
       Punch             |     1 |       ||     1
 Cast: Magic Dart        |     5 |       ||     5
 Stab: Sleeping          |     1 |     2 ||     3
Armor: Leather armour    |    39 |    17 ||    56
Dodge: Dodged            |    45 |    21 ||    66

Table legend: (Time is in decaauts)
 A = Elapsed time spent in this place.
 B = Non-inter-level travel time spent in this place.
 C = Inter-level travel time spent in this place.
 D = Time resting spent in this place.
 E = Time spent auto-exploring this place.
 F = Levels seen in this place.
 G = Mean time per level.
                   A        B        C        D        E       F      G
               +--------+--------+--------+--------+--------+-----+--------+
         Total |   2674 |   2604 |     70 |    319 |   1877 |   3 |  891.3 |
       Dungeon |   2674 |   2604 |     70 |    319 |   1877 |   3 |  891.3 |
               +--------+--------+--------+--------+--------+-----+--------+

Top non-repeatable levels by time:
     D:2: 1414 daAuts
     D:1: 706 daAuts
     D:3: 553 daAuts
